 Dungeon Crawl Stone Soup version 0.31.0-32-g396128a36d (webtiles) character file.

Game seed: 1340479302326355833

12756 monsoonserge the Grappler (level 11, -4/72 HPs)
             Began as an Octopode Shapeshifter on Apr 8, 2024.
             Was an Initiate of Gozag.
             Slain by an eight-headed hydra (12 damage)
             ... on level 1 of the Lair of Beasts.
             The game lasted 00:34:37 (13147 turns).

monsoonserge the Grappler (Octopode Shapeshifter)  Turns: 13147, Time: 00:34:39

Health: -4/72      AC:  1    Str: 17    XL:     11   Next: 98%
Magic:  11/11      EV: 16    Int: 13    God:    Gozag
Gold:   501        SH:  0    Dex: 18    Spells: 10/10 levels left

rFire   . .          .
                       - Unarmed
rCold   . . .        (shield currently unavailable)
rNeg    + . .        (helmet restricted)
rPois   .            i - amulet of the acrobat
rElec   .            h - ring of resist corrosion
rCorr   +            x - ring of positive energy
SInv    .            B - ring of Shadows {Umbra +Inv Stlth+}
Will    .....        y - ring of wizardry
Stlth   ++++++++     F - +6 ring of dexterity
HPRegen 0.32/turn    G - ring of flight
MPRegen 0.12/turn    (no ring)
                     (no ring)

%: acrobat, wizardry (x1)
@: blade tentacles, flying, wreathed by umbra
A: almost no armour, amphibious, 8 rings, camouflage 1, gelatinous body 1,
(nimble swimmer 1), tentacles
a: Begin Untransformation, Renounce Religion, Evoke Invisibility, Potion
Petition, Call Merchant, Bribe Branch


You were on level 1 of the Lair of Beasts.
You worshipped Gozag.
Gozag was pleased with you.
You had blades for main tentacles.
You visited 3 branches of the dungeon, and saw 13 of its levels.

You collected 2026 gold pieces.
You spent 786 gold pieces at shops.
You paid 739 gold pieces to Gozag.

Inventory:

Missiles
 d - 2 atropa-tipped darts
 w - 8 boomerangs (quivered)
 A - a throwing net
 H - 5 poisoned darts
Jewellery
 h - a ring of resist corrosion (left blade tentacle)
 i - an amulet of the acrobat (around mantle)
 x - a ring of positive energy (right blade tentacle)
 y - a ring of wizardry (on tentacle)
 B - the ring of Shadows (on tentacle) {Umbra +Inv Stlth+}
   (You bought it in a shop on level 3 of the Dungeon)

   [ring of stealth]

   Umbra:     It surrounds you with an aura of shadow, increasing your stealth
   and reducing the accuracy of all others within it.
   +Inv:      It lets you turn invisible.
   Stlth+:    It makes you more stealthy.
 F - a +6 ring of dexterity (on tentacle)
 G - a ring of flight (on tentacle)
Talismans
 c - a flux talisman
 u - a blade talisman (active)
Wands
 k - a wand of flame (3)
 I - a wand of iceblast (4)
Scrolls
 b - 3 scrolls of amnesia {unknown}
 f - 2 scrolls of revelation
 l - 3 scrolls of fog
 n - 3 scrolls of blinking
 o - 4 scrolls of teleportation
 p - 3 scrolls of enchant armour
 r - 3 scrolls of vulnerability
 s - a scroll of butterflies
 v - a scroll of fear
 C - 2 scrolls of enchant weapon
 D - 3 scrolls of poison
 J - 3 scrolls of immolation {unknown}
Potions
 a - 4 potions of lignification
 e - 7 potions of curing
 g - 2 potions of invisibility
 j - 4 potions of enlightenment
 m - 4 potions of might
 q - 3 potions of haste {unknown}
 t - 2 potions of heal wounds
 z - a potion of mutation {unknown}
 E - a potion of magic {unknown}
 K - a potion of brilliance {unknown}
 L - a potion of attraction {unknown}


   Skills:
 * Level 6.2 Fighting
 * Level 6.3 Dodging
 + Level 7.5 Stealth
 + Level 11.3 Unarmed Combat
 + Level 0.0 Evocations
 + Level 11.2 Shapeshifting


You had 10 spell levels left.
You didn't know any spells.
Your spell library contained the following spells:

 Spells                   Type           Power      Damage    Failure   Level
 Summon Ice Beast         Ice/Summ       0%         N/A       34%         3
 Summon Mana Viper        Hex/Summ       0%         N/A       96%         5
 Monstrous Menagerie      Summ           0%         N/A       100%        7


Dungeon Overview and Level Annotations

Branches:
Dungeon (11/15)            Temple (1/1) D:4            Lair (1/5) D:8
    Orc (0/2) D:9

Altars:
Ashenzari
Cheibriados
Dithmenos
Elyvilon
Fedhas
Gozag
Hepliaklqana
Kikubaaqudgha
Makhleb
Nemelex Xobeh
Okawaru
Qazlal
Ru
Sif Muna
Trog
Uskayaw
Vehumet
Wu Jian
Xom
Yredelemnul
Zin
The Shining One

Shops:
D:3 ![*   D:8 =

Annotations:
Lair:1 3 runed translucent doors, wingedge's ghost, journeyman DgEE


Innate Abilities, Weirdness & Mutations

You have blades for main tentacles.
You are incapable of wielding weapons or throwing items.
You cannot wear most types of armour.
You are amphibious.
You can wear up to eight rings at the same time.
Your skin changes colour to match your surroundings (Stealth+).
Your rubbery body absorbs attacks. (AC +1, EV +1)
((You are camouflaged when in or above water. (Stealth+)))
You have tentacles for arms and can constrict up to eight enemies at once.


Message History

You slash the wolf! You grab the wolf. You slash the wolf!
You squeeze the wolf.
You kill the wolf!
You now have 469 gold pieces (gained 13).
You now have 486 gold pieces (gained 17).
You now have 501 gold pieces (gained 15).
You reach down and open the door.
There is an open door here.
You start resting.
HP restored.
You reach down and open the door.
There is an open door here.
You reach down and open the door.
There is an open door here.
Found a stone staircase leading down.
Aiming: Iceblast
Press: ? - help, Shift-Dir - straight line, f - eight-headed hydra
Aim: an eight-headed hydra (wandering, hasn't noticed you, umbra)
The mass of ice explodes!
The iceblast engulfs the eight-headed hydra!
The eight-headed hydra is lightly wounded.
The eight-headed hydra roars!
You hear an angry hiss.
You barely miss the eight-headed hydra.
The eight-headed hydra is lightly wounded.
You slice the eight-headed hydra!! You squeeze the eight-headed hydra.
The eight-headed hydra is severely wounded.
The eight-headed hydra completely misses you.
The eight-headed hydra bites you! x2; The eight-headed hydra misses you.
The eight-headed hydra bites you!
The eight-headed hydra closely misses you.
The eight-headed hydra misses you. The eight-headed hydra bites you.
You barely miss the eight-headed hydra. You slash the eight-headed hydra!
The eight-headed hydra is severely wounded.
The eight-headed hydra bites you!
* * * LOW HITPOINT WARNING * * *
The eight-headed hydra bites you!
* * * LOW HITPOINT WARNING * * *
The eight-headed hydra bites you!
You die...
Your body crumbles into a pile of gold.

#..# ###.##..# #..#
###..8.#### ##..# #.#.....# #
#..## #..8.>.8# ### #..#
#.......... ###.$ ##.#
#.##...##... .... ##.#
##.#.#+###... #.. #..##
#.##......##. #.. ##..#
##@D(......#. #.. #.##
#....#.###....# #.. ##.#
###.....#. ##....# #.+ #..#
...##.... ....#.. ##. ##.#
###...#...8...8....$.##..
#.'###..+........>.....F..+..#
#......#...#...8...8...#..##.#
#......##...#.........##.. #..
#......##......# ..#..#..###..


You could see an eight-headed hydra.

Vanquished Creatures
  3 two-headed ogres
  A cyclops (D:11)
  2 cane toads (Lair:1)
  An unseen horror (D:11)
  2 rime drakes (Lair:1)
  Psyche (D:10)
  A troll (D:10)
  A polar bear (Lair:1)
  Prince Ribbit (D:7)
  3 blink frogs (Lair:1)
  A wraith (D:11)
  4 wyverns
  11 yaks
  Grum (D:9)
  4 steam dragons
  A basilisk (D:8)
  A vampire mosquito (D:5)
  An acid dragon (D:9)
  3 water moccasins
  2 sky beasts (D:7)
  2 black bears
  3 orc warriors
  An ogre (D:4)
  9 wolves
  4 centaurs
  2 phantoms
  3 bullfrogs
  13 scorpions
  8 wights
  2 killer bees
  2 bullfrog zombies (D:4)
  A centaur zombie (D:4)
  2 bombardier beetles (D:5)
  3 orc priests
  A hound (D:5)
  An iguana (D:4)
  A scorpion zombie (D:4)
  2 sleepcaps
  9 orc wizards
  3 hound zombies (D:4)
  A howler monkey zombie (D:4)
  4 gnolls (D:8)
  3 adders
  3 adder zombies (D:4)
  3 dart slugs
  34 orcs
  5 ball pythons
  8 endoplasms
  8 giant cockroaches
  8 goblins
  8 hobgoblins
  3 jackals (D:4)
  5 quokkas
  4 bats
  6 frilled lizards
  A jackal zombie (D:4)
  7 kobolds
  8 rats
  A butterfly (D:5)
237 creatures vanquished.

Vanquished Creatures (others)
  A sky beast (D:7)
1 creature vanquished.

Grand Total: 238 creatures vanquished

Notes
Turn   | Place    | Note
-------+----------+-------------------------------------------
     0 | D:1      | monsoonserge the Octopode Shapeshifter began the quest for
                  | the Orb.
     0 | D:1      | Reached XP level 1. HP: 13/13 MP: 1/1
   103 | D:1      | Reached XP level 2. HP: 14/18 MP: 2/2
   136 | D:1      | Reached skill level 1 in Stealth
   353 | D:1      | Reached XP level 3. HP: 20/23 MP: 3/3
   912 | D:2      | Reached XP level 4. HP: 22/29 MP: 4/4
  1161 | D:3      | Found Jiasuir's General Store.
  1170 | D:3      | Bought a scroll of noise for 11 gold pieces
  1170 | D:3      | Bought a scroll of fog for 44 gold pieces
  1170 | D:3      | Bought a potion of might for 44 gold pieces
  1246 | D:3      | Found Xoamiaqa's Antique Armour Boutique.
  1441 | D:3      | Found a faded altar of an unknown god.
  1560 | D:3      | Found Weiluore's Distillery.
  1744 | D:3      | Found a shadowy altar of Dithmenos.
  1923 | D:4      | Noticed an ogre
  2004 | D:4      | Reached XP level 5. HP: 20/36 MP: 5/5
  2122 | D:4      | Reached XP level 6. HP: 37/42 MP: 6/6
  2197 | D:4      | Reached skill level 5 in Unarmed Combat
  2384 | D:4      | Found a staircase to the Ecumenical Temple.
  2391 | Temple   | Entered the Ecumenical Temple
  2563 | D:5      | Entered Level 5 of the Dungeon
  2834 | D:5      | Reached XP level 7. HP: 38/46 MP: 7/7
  3146 | D:5      | Found a runed translucent door.
  3167 | D:5      | Found a runed translucent door.
  3172 | D:5      | Noticed a vampire mosquito
  3259 | Temple   | Became a worshipper of Gozag Ym Sagoz the Greedy
  4012 | D:4      | Reached XP level 8. HP: 36/52 MP: 8/8
  4514 | D:3      | Bought a potion of heal wounds for 65 gold pieces
  4514 | D:3      | Bought 2 potions of curing for 78 gold pieces
  5002 | D:6      | Noticed a two-headed ogre
  5217 | D:7      | Found Edghivad's Antique Armour Emporium.
  5238 | D:7      | Reached skill level 5 in Shapeshifting
  5386 | D:3      | Bought a potion of invisibility for 104 gold pieces
  5959 | D:6      | Killed a two-headed ogre
  5960 | D:6      | Reached XP level 9. HP: 16/56 MP: 9/9
  6239 | D:7      | Found a shimmering blue altar of Sif Muna.
  6241 | D:7      | Noticed Prince Ribbit
  6256 | D:7      | Killed Prince Ribbit
  7221 | D:8      | Noticed a two-headed ogre
  7232 | D:7      | Reached skill level 10 in Shapeshifting
  7454 | D:8      | Reached XP level 10. HP: 51/63 MP: 10/10
  7454 | D:8      | Found a staircase to the Lair.
  7717 | D:8      | Noticed an elephant
  7891 | D:3      | Bought the ring of Shadows {Umbra +Inv Stlth+} for 440 gold
                  | pieces
  7891 | D:3      | Found the ring of Shadows {Umbra +Inv Stlth+}
  8149 | D:8      | Killed a two-headed ogre
  9388 | D:9      | Noticed Grum
  9406 | D:9      | Killed Grum
  9991 | D:9      | Reached skill level 5 in Stealth
 10009 | D:9      | Reached XP level 11. HP: 70/70 MP: 11/11
 10096 | D:9      | Found a staircase to the Orcish Mines.
 10165 | D:9      | Reached skill level 10 in Unarmed Combat
 10298 | D:10     | Entered Level 10 of the Dungeon
 10367 | D:10     | Reached skill level 5 in Fighting
 10367 | D:10     | Reached skill level 5 in Dodging
 10410 | D:10     | Identified the +5 falchion "Nukof" {drain, *Corrode Will+
                  | MP+9 Int+3}
 10442 | D:10     | Noticed Psyche
 10452 | D:10     | Killed Psyche
 10816 | D:10     | Noticed a two-headed ogre
 10827 | D:10     | Killed a two-headed ogre
 11310 | D:11     | Noticed a cyan ugly thing
 11614 | D:11     | Noticed a cyclops
 11622 | D:11     | Killed a cyclops
 12166 | Lair:1   | Entered Level 1 of the Lair of Beasts
 12167 | Lair:1   | Found a runed translucent gate.
 12167 | Lair:1   | Found a runed translucent gate.
 12167 | Lair:1   | Found a runed translucent gate.
 12169 | Lair:1   | Noticed wingedge's ghost (journeyman DgEE)
 12708 | Lair:1   | Noticed an eight-headed hydra
 13147 | Lair:1   | Slain by an eight-headed hydra

Illustrated notes

Levels and vault maps discovered:
D:1:      sevenhm_arrival_forest_fort_small_4, layout_loops_ring
D:2:      layout_rooms
D:3:      layout_loops_ring, mainiacjoe_overflow_alcove_1,
          hellmonk_ecumenical_altar_pennies_from_heaven, serial_shops,
          nicolae_shop_rolling_square, shop, shop_fountains,
          minmay_misc_feat_cross, nicolae_twisty_statue_hallways
D:4:      layout_gridville, minmay_temple_entry_gardened_gates, serial_undead,
          serial_undead_d, serial_undead_c, serial_undead_b, serial_undead_c,
          serial_undead_b, serial_undead_d
D:5:      lemuel_insect_pit, layout_loops_ring, minivault_23
D:6:      layout_gridville, nrook_loot_triangle
D:7:      layout_loops_cross, mainiacjoe_overflow_boulevard, serial_shops, shop,
          hangedman_misty_isle, uniq_prince_ribbit1
D:8:      layout_basic, david_lair_generic
D:9:      layout_loops_ring, orc_0_dummy, uniq_grum
D:10:     layout_rooms, nicolae_nh_ransacked_shop, uniq_psyche
D:11:     layout_long_grid
Temple:   mainiacjoe_temple_cubbyholes
Lair:1:   layout_roguey, ebering_ghost_rock_garden, grunt_megastairs_2,
          uniq_erica

Skill      XL: |  1  2  3  4  5  6  7  8  9 10 11 |
---------------+----------------------------------+-----
Stealth        | 1 5 7 |  7.5
Fighting       | 2 3 4 6 |  6.2
Dodging        | 3 4 6 |  6.3
Unarmed Combat | 4 6 8 9 11 | 11.3
Shapeshifting  | 7 10 11 | 11.2

Action                     |  1- 3 |  4- 6 |  7- 9 | 10-12 || total
---------------------------+-------+-------+-------+-------++-------
  Melee: Unarmed           |    73 |   118 |   171 |   237 ||   599
         Constrict         |    23 |    29 |    30 |    33 ||   115
         Tentacles         |    10 |    18 |    40 |    55 ||   123
         Punch             |     3 |     4 |     6 |     9 ||    22
 Invoke: Call Merchant     |       |       |       |     1 ||     1
  Evoke: Wand              |       |       |       |     1 ||     1
    Use: Scroll            |       |       |     3 |     7 ||    10
         Potion            |       |       |       |     1 ||     1
   Stab: Sleeping          |     9 |     4 |     1 |     9 ||    23
         Distracted        |       |     1 |     2 |     6 ||     9
 Armour: Skin              |    22 |    43 |    76 |    90 ||   231
  Dodge: Dodged            |    35 |    69 |   116 |   118 ||   338
   Form: Flux              |       |       |     1 |       ||     1
         Blade             |       |       |     1 |       ||     1
